 Dungeon Crawl Stone Soup version 0.26-a0-542-gbaa144ba5c (webtiles) character file.

Game seed: 13586996687138826678

(classic levelgen) 17537 EnegeticOcto the Severer (level 12, -11/104 HPs)
             Began as a Deep Dwarf Fighter on Aug 18, 2020.
             Was an Elder of Makhleb.
             Mangled by a two-headed ogre
             ... wielding a +0 dire flail
              (18 damage)
             ... on level 2 of the Orcish Mines.
             The game lasted 00:13:14 (2075 turns).

EnegeticOcto the Severer (Deep Dwarf Fighter)       Turns: 2075, Time: 00:13:14

Health: -11/104    AC:  9    Str: 23    XL:     12   Next: 19%
Magic:  3/3        EV:  4    Int: 11    God:    Makhleb [****..]
Gold:   631        SH: 10    Dex: 12    Spells: 11/11 levels left

rFire    . . .     SeeInvis .   z - +1 war axe (venom)
rCold    . . .     Faith    .   c - +0 kite shield
rNeg     . . .     Spirit   .   D - +0 plate armour
rPois    .         Reflect  .   s - +1 helmet
rElec    .         Harm     .   A - +0 cloak
rCorr    .                      (no gloves)
MR       +....                  (no boots)
Stlth    ..........             g - amulet of regeneration
HPRegen  0.00/turn              (no ring)
MPRegen  0.08/turn              (no ring)

@: non-regenerating, hasted and slowed
A: damage resistance, heal wounds, clever 1, deformed body, sense surroundings
2, weak 1, no regeneration
a: Heal Wounds, Minor Destruction, Lesser Servant of Makhleb, Major Destruction,
Renounce Religion


You were on level 2 of the Orcish Mines.
You worshipped Makhleb.
Makhleb was greatly pleased with you.
You visited 3 branches of the dungeon, and saw 12 of its levels.

You collected 631 gold pieces.

Inventory:

Hand Weapons
 a - a +0 war axe
 z - a +1 war axe of venom (weapon)
Armour
 c - a +0 kite shield (worn)
 s - a +1 helmet (worn)
 A - a +0 cloak (worn)
 D - a +0 plate armour (worn)
Jewellery
 g - an amulet of regeneration (around neck)
 h - an uncursed ring of teleportation
Wands
 e - a wand of disintegration (1)
 u - a wand of acid (4) {@v1}
 y - a wand of digging (5) {@v3}
 C - a wand of paralysis (16)
Scrolls
 q - a scroll of enchant armour
 w - 3 scrolls of magic mapping {@r5 !r}
Potions
 f - a potion of cancellation
 i - 2 potions of flight
 l - a potion of magic
 m - 2 potions of lignification {@q6}
 n - a potion of brilliance
 o - a potion of curing {@q1 !q}
 x - 2 potions of berserk rage {unknown}
Miscellaneous
 p - a tin of tremorstones (inert)


   Skills:
 + Level 5.9 Fighting
 - Level 16.0 Axes
 - Level 3.2 Armour
 + Level 5.0 Shields
 + Level 12.4 Invocations
 - Level 7.0 Evocations


You had 11 spell levels left.
You didn't know any spells.
Your spell library was empty.

Dungeon Overview and Level Annotations

Branches:
Dungeon (9/15)             Temple (1/1) D:6            Lair (0/6) D:8
    Orc (2/2) D:9
    Elf: Orc:2

Altars:
Ashenzari
Elyvilon
Fedhas
Gozag
Kikubaaqudgha
Makhleb
Nemelex Xobeh
Okawaru
Qazlal
Ru
Sif Muna
Trog
Uskayaw
Xom
Zin


Innate Abilities, Weirdness & Mutations

You are resistant to damage.
You can heal yourself by infusing magical energy.
You passively map the area around you.
You do not regenerate.
Your mind is acute. (Int +2)
Armour fits poorly on your strangely shaped body.
You are weak. (Str -2)


Message History

Evoke which item? (* to show all) (? for menu, Esc to quit)
Okay, then.
You barely miss the two-headed ogre.
The two-headed ogre is heavily wounded.
You barely miss the two-headed ogre.
The two-headed ogre hits you with a +0 giant club.
You block the two-headed ogre's attack.
The two-headed ogre hits you with a +0 giant spiked club!
The two-headed ogre hits you with a +0 giant spiked club!!
You slice the two-headed ogre!!
The two-headed ogre looks as sick as possible!
The two-headed ogre is almost dead.
You slash the ogre! You slash the two-headed ogre!
The two-headed ogre looks as sick as possible!
You slash the two-headed ogre!
You kill the two-headed ogre!
Makhleb accepts your kill.
You feel better.
You slice the two-headed ogre!!
The two-headed ogre looks as sick as possible!
You slash the ogre!
The ogre is poisoned.
You slash the two-headed ogre!
The two-headed ogre hits you with a +0 giant club!
The two-headed ogre hits you with a +0 giant spiked club!
The two-headed ogre hits you with a +0 dire flail!
The two-headed ogre hits you with a +0 giant spiked club!
* * * LOW HITPOINT WARNING * * *
The ogre mage casts a spell.
The ogre mage seems to speed up.
You feel much better.
You kill the ogre!
Makhleb accepts your kill.
The two-headed ogre hits you with a +0 giant club!!
* * * LOW HITPOINT WARNING * * *
The two-headed ogre hits you with a +0 giant spiked club.
* * * LOW HITPOINT WARNING * * *
"Let's try an experiment, hmmm?"
You do an impromptu tapdance.
You feel much better.
You kill the two-headed ogre!
Makhleb accepts your kill.
You feel better.
Your Shields skill increases to level 5!
You block the two-headed ogre's attack. The two-headed ogre barely misses you.
The ogre hits you with a +0 giant club!!
* * * LOW HITPOINT WARNING * * *
A two-headed ogre comes into view.
It is wielding two +0 giant spiked clubs.
You block the two-headed ogre's attack. x2
The two-headed ogre shouts in stereo!
Okay, then.
Okay, then.
The ogre mage hits you with a +0 flail.
You feel much better. You block the two-headed ogre's attack.
The two-headed ogre hits you with a +0 giant club.
You block the ogre mage's attack.
The two-headed ogre hits you with a +0 dire flail!!
The two-headed ogre hits you with a +0 giant spiked club!
The ogre hits you with a +0 giant club!
Evoke which item? (* to show all) (? for menu, Esc to quit)
Okay, then.
The two-headed ogre completely misses you.
The two-headed ogre hits you but does no damage.
The ogre hits you with a +0 giant club!!
* * * LOW HITPOINT WARNING * * *
The ogre hits you with a +0 giant spiked club!
* * * LOW HITPOINT WARNING * * *
You feel much better. You block the ogre mage's attack.
You block the two-headed ogre's attack.
The two-headed ogre hits you with a +0 giant club!
* * * LOW HITPOINT WARNING * * *
The ogre completely misses you.
Really quaff
k - a potion of haste {@q4 !q}?
You feel yourself speed up. You block the ogre mage's attack.
The two-headed ogre hits you but does no damage.
The two-headed ogre hits you with a +0 giant club.
* * * LOW HITPOINT WARNING * * *
The ogre mage hits you with a +0 flail!
* * * LOW HITPOINT WARNING * * *
You feel much better. You block the ogre's attack.
The two-headed ogre hits you with a +0 giant spiked club!!
* * * LOW HITPOINT WARNING * * *
The two-headed ogre hits you with a +0 giant club!!
* * * LOW HITPOINT WARNING * * *
You feel much better.
The ogre mage points at you and mumbles some strange words.
You feel yourself slow down. You block the ogre's attack.
The two-headed ogre hits you with a +0 giant club!
* * * LOW HITPOINT WARNING * * *
The two-headed ogre barely misses you.
Your magical essence is drained by the effort!
You feel much better.
You feel a little less mighty now.
The ogre hits you with a +0 giant spiked club!
* * * LOW HITPOINT WARNING * * *
The two-headed ogre hits you with a +0 giant spiked club!!
* * * LOW HITPOINT WARNING * * *
The two-headed ogre barely misses you. The ogre mage hits you with a +0 flail.
* * * LOW HITPOINT WARNING * * *
The two-headed ogre hits you with a +0 dire flail.
The two-headed ogre hits you with a +0 giant spiked club!!
You die...
Xom roars with laughter!

##.#...#................
#...#.#................. , ,
#........................ ,
##....................... ,
##....................... *
#....#.#.................,
#.....#...................
#...........#..OO..........,
, ..............O@O.........
, #....##....OOO......... ,,
............OO......... * *
..............)........ ,
..#.......).).)....... ,,
........).†..).).... ,∩ * ,
, ..##...))†)).)...... , , ,
, #...))..))))..... , ,
.............))#..#.. , ,


You could see 4 two-headed ogres, an ogre mage (fast) and 4 ogres.

Vanquished Creatures
  A hydra (D:9)
  12 two-headed ogres
  2 ogre magi (Orc:2)
  An unseen horror (D:9)
  An orc knight (D:9)
  A deep elf mage (D:9)
  2 trolls
  Grinder (D:4)
  2 hippogriffs (D:8)
  A yak (D:9)
  A vampire mosquito (D:9)
  2 wargs
  12 orc warriors
  A sky beast (D:9)
  An ice beast (D:8)
  A necrophage (D:7)
  2 phantoms
  13 ogres
  A big kobold (D:9)
  6 bullfrogs
  A wyvern zombie (D:9)
  3 scorpions (D:9)
  3 howler monkeys (D:9)
  A centaur zombie (D:5)
  A bullfrog zombie (D:3)
  A quasit (D:7)
  2 hounds (D:9)
  2 jellies
  3 orc priests
  2 bullfrog skeletons
  2 centaur skeletons
  3 iguanas
  12 orc wizards
  A worker ant (D:9)
  A worker ant zombie (D:9)
  6 adders
  A shadow imp (D:6)
  2 white imps
  An ufetubus (D:9)
  An adder skeleton (D:4)
  30 orcs
  A bat (D:3)
  4 giant cockroaches
  2 goblins
  6 quokkas
  2 frilled lizards (D:4)
  A jackal skeleton (D:4)
  A jackal zombie (D:7)
  2 kobolds (D:3)
  A leopard gecko skeleton (D:6)
  A leopard gecko zombie (D:9)
164 creatures vanquished.

Vanquished Creatures (collateral kills)
  A two-headed ogre (Orc:2)
  4 ogres (Orc:2)
5 creatures vanquished.

Grand Total: 169 creatures vanquished

Notes
Turn   | Place    | Note
-------+----------+-------------------------------------------
     0 | D:1      | EnegeticOcto the Deep Dwarf Fighter began the quest for the
                  | Orb.
     0 | D:1      | Reached XP level 1. HP: 20/20 MP: 1/1
    85 | D:3      | Reached skill level 3 in Axes
    85 | D:3      | Reached XP level 2. HP: 22/27 MP: 2/2
    89 | D:3      | Reached skill level 4 in Axes
    89 | D:3      | Reached XP level 3. HP: 21/33 MP: 3/3
   147 | D:4      | Got a spiked ring mail
   159 | D:4      | Identified the +0 ring mail of Fedhas's Delight {rC+ Str-4
                  | Dex+7} (You found it on level 4 of the Dungeon)
   185 | D:4      | Reached skill level 5 in Axes
   185 | D:4      | Reached XP level 4. HP: 33/40 MP: 4/4
   220 | D:4      | Noticed Grinder
   225 | D:4      | Your magical essence is drained by the effort!
   228 | D:4      | Your magical essence is drained by the effort!
   253 | D:4      | Paralysed by Grinder for 5 turns
   259 | D:4      | Killed Grinder
   259 | D:4      | Reached skill level 7 in Axes
   259 | D:4      | Reached XP level 5. HP: 22/46 MP: 3/3
   259 | D:4      | Reached XP level 6. HP: 27/55 MP: 4/4
   263 | D:4      | Your magical essence is drained by the effort!
   450 | D:5      | Entered Level 5 of the Dungeon
   560 | D:5      | Found a bloodstained altar of Trog.
   697 | D:6      | Your magical essence is drained by the effort!
   709 | D:6      | Reached skill level 8 in Axes
   753 | D:6      | Found a staircase to the Ecumenical Temple.
   764 | D:6      | Your magical essence is drained by the effort!
   769 | D:6      | Reached XP level 7. HP: 60/61 MP: 2/2
   772 | Temple   | Entered the Ecumenical Temple
   778 | Temple   | Became a worshipper of Xom the Random
   804 | Temple   | Fell from the grace of Xom
   804 | Temple   | Became a worshipper of Makhleb the Destroyer
   916 | D:7      | Reached skill level 1 in Invocations
   926 | D:7      | Reached skill level 2 in Invocations
   931 | D:7      | Reached skill level 9 in Axes
   963 | D:7      | Reached skill level 3 in Invocations
  1040 | D:7      | Reached XP level 8. HP: 42/67 MP: 5/5
  1085 | D:8      | Reached skill level 4 in Invocations
  1102 | D:8      | Noticed a hippogriff
  1104 | D:8      | Noticed a hippogriff
  1108 | D:8      | Reached skill level 10 in Axes
  1111 | D:8      | Reached * piety under Makhleb
  1113 | D:8      | Killed a hippogriff
  1113 | D:8      | Reached skill level 5 in Invocations
  1119 | D:8      | Killed a hippogriff
  1166 | D:8      | Reached skill level 11 in Axes
  1166 | D:8      | Reached skill level 6 in Invocations
  1187 | D:9      | Found a staircase to the Orcish Mines.
  1193 | D:9      | Reached skill level 1 in Evocations
  1201 | D:9      | Reached skill level 3 in Fighting
  1213 | D:9      | Your magical essence is drained by the effort!
  1230 | D:9      | Gained mutation: You passively map the area around you.
                  | [Deep Dwarf growth]
  1230 | D:9      | Reached XP level 9. HP: 45/75 MP: 7/7
  1273 | D:8      | Found a staircase to the Lair.
  1320 | D:9      | Reached skill level 2 in Evocations
  1331 | D:9      | XOM: give mutations
  1331 | D:9      | Gained mutation: Armour fits poorly on your strangely
                  | shaped body. [Xom's mischief]
  1331 | D:9      | Gained mutation: You are weak. (Str -2) [Xom's mischief]
  1331 | D:9      | Gained mutation: Your mind is acute. (Int +2) [Xom's
                  | mischief]
  1355 | D:9      | Noticed a seven-headed hydra
  1362 | D:9      | Killed a seven-headed hydra
  1362 | D:9      | Reached skill level 7 in Invocations
  1362 | D:9      | Reached skill level 3 in Evocations
  1394 | D:9      | Reached skill level 4 in Fighting
  1394 | D:9      | Reached skill level 12 in Axes
  1394 | D:9      | Reached skill level 4 in Evocations
  1407 | D:9      | Noticed a two-headed ogre
  1407 | D:9      | Noticed a two-headed ogre
  1407 | D:9      | Noticed a troll
  1421 | D:9      | Killed a two-headed ogre
  1421 | D:9      | Reached skill level 8 in Invocations
  1421 | D:9      | Reached skill level 5 in Evocations
  1435 | D:9      | Killed a two-headed ogre
  1435 | D:9      | Reached XP level 10. HP: 65/87 MP: 10/10
  1450 | D:9      | Reached skill level 5 in Fighting
  1473 | D:9      | Reached ** piety under Makhleb
  1492 | D:9      | Reached skill level 6 in Evocations
  1497 | D:9      | Your magical essence is drained by the effort!
  1506 | D:9      | Reached skill level 13 in Axes
  1569 | D:9      | Your magical essence is drained by the effort!
  1609 | D:9      | Noticed a deep elf mage
  1621 | D:9      | Killed a deep elf mage
  1644 | D:9      | Killed an unseen horror
  1644 | D:9      | Reached skill level 14 in Axes
  1652 | D:9      | Noticed a two-headed ogre
  1662 | D:9      | Your magical essence is drained by the effort!
  1663 | D:9      | Your magical essence is drained by the effort!
  1664 | D:9      | Your magical essence is drained by the effort!
  1664 | D:9      | XOM: chaos upgrade
  1665 | D:9      | Killed a two-headed ogre
  1757 | Orc:1    | Entered Level 1 of the Orcish Mines
  1757 | Orc:1    | Noticed an orc knight
  1775 | D:9      | Your magical essence is drained by the effort!
  1780 | D:9      | Killed an orc knight
  1790 | Orc:1    | Reached XP level 11. HP: 72/94 MP: 5/5
  1792 | Orc:1    | Your magical essence is drained by the effort!
  1866 | Orc:1    | Reached *** piety under Makhleb
  1878 | Orc:1    | Your magical essence is drained by the effort!
  1883 | Orc:1    | HP: 2/96 [orc warrior/+0 dire flail (20)]
  1920 | Orc:1    | Your magical essence is drained by the effort!
  1923 | Orc:2    | Entered Level 2 of the Orcish Mines
  1931 | Orc:2    | Reached skill level 15 in Axes
  1987 | Orc:2    | Noticed an ogre mage
  1994 | Orc:2    | Your magical essence is drained by the effort!
  1995 | Orc:2    | Noticed an ogre mage
  2001 | Orc:2    | Your magical essence is drained by the effort!
  2003 | Orc:2    | Reached skill level 4 in Shields
  2005 | Orc:2    | Killed an ogre mage
  2007 | Orc:2    | Killed an ogre mage
  2007 | Orc:2    | Reached skill level 7 in Evocations
  2009 | Orc:2    | Noticed a two-headed ogre
  2011 | Orc:2    | Noticed a two-headed ogre
  2012 | Orc:2    | Killed a two-headed ogre
  2012 | Orc:2    | Reached skill level 9 in Invocations
  2018 | Orc:2    | Noticed a two-headed ogre
  2022 | Orc:2    | Killed a two-headed ogre
  2022 | Orc:2    | Reached skill level 10 in Invocations
  2028 | Orc:2    | Killed a two-headed ogre
  2029 | Orc:2    | XOM: chaos upgrade
  2036 | Orc:2    | Noticed a two-headed ogre
  2036 | Orc:2    | Noticed a two-headed ogre
  2038 | Orc:2    | Noticed a two-headed ogre
  2039 | Orc:2    | Noticed a two-headed ogre
  2045 | Orc:2    | Killed a two-headed ogre
  2045 | Orc:2    | Reached skill level 11 in Invocations
  2046 | Orc:2    | Killed a two-headed ogre
  2047 | Orc:2    | Killed a two-headed ogre
  2048 | Orc:2    | Noticed a two-headed ogre
  2048 | Orc:2    | Noticed a two-headed ogre
  2048 | Orc:2    | Noticed a two-headed ogre
  2049 | Orc:2    | Killed a two-headed ogre
  2049 | Orc:2    | Reached XP level 12. HP: 92/103 MP: 1/3
  2049 | Orc:2    | Noticed a two-headed ogre
  2050 | Orc:2    | Noticed a two-headed ogre
  2050 | Orc:2    | Noticed a two-headed ogre
  2054 | Orc:2    | Noticed an ogre mage
  2055 | Orc:2    | Reached **** piety under Makhleb
  2056 | Orc:2    | Killed a two-headed ogre
  2056 | Orc:2    | Reached skill level 16 in Axes
  2056 | Orc:2    | Reached skill level 12 in Invocations
  2061 | Orc:2    | Killed a two-headed ogre
  2063 | Orc:2    | XOM: silly message
  2066 | Orc:2    | Killed a two-headed ogre
  2066 | Orc:2    | Reached skill level 5 in Shields
  2066 | Orc:2    | Noticed a two-headed ogre
  2070 | Orc:2    | HP: 5/104 [ogre/+0 giant spiked club (9)]
  2073 | Orc:2    | HP: 1/104 [two-headed ogre/+0 giant spiked club (18)]
  2075 | Orc:2    | Your magical essence is drained by the effort!
  2075 | Orc:2    | Mangled by a two-headed ogre

Illustrated notes

Levels and vault maps discovered:
D:1:      noname_arrival_rooms_in_the_neighbourhood, layout_basic
D:2:      layout_loops_cross
D:3:      minmay_diamond_boxcup, layout_rooms,
          yredelemnul_forgotten_temple_becter
D:4:      layout_cave_pools, uniq_grinder
D:5:      layout_cave_pools, basic_altar
D:6:      layout_loops_corners, minmay_temple_entry_wispy, serial_undead,
          serial_undead_c, serial_undead_b, serial_undead_c, serial_undead_a,
          minmay_holes, chequers_serial_rivers_micro_e
D:7:      layout_cave_pools
D:8:      layout_basic, lair_entry_dummy, minmay_starry_boxes
D:9:      minmay_the_grid_octo_tiled_octocenter [minmay_the_grid_octo_77,
          minmay_the_grid_octo_horde, minmay_the_grid_octo_concentric,
          minmay_the_grid_octo_checkered,
          minmay_the_grid_octo_prize_single_spiral,
          minmay_the_grid_square_5x5_inset, minmay_the_grid_square_5x5_meh,
          minmay_the_grid_square_5x5_n_small,
          minmay_the_grid_square_5x5_detours], layout_irregular_city,
          david_orc_2
Temple:   nicolae_temple_the_god_donut
Orc:1:    layout_caves, basic_altar
Orc:2:    st_orc_ogre_mass, layout_caves, maelrawn_ghost_gauntlet_escape,
          nicolae_orc_lava_tube

Skill      XL: |  1  2  3  4  5  6  7  8  9 10 11 12 |
---------------+-------------------------------------+-----
Axes           | 3 4 5 7 8 9 11 12 14 15 16 | 16.0
Invocations    | 3 6 8 11 12 | 12.4
Evocations     | 1 5 6 7 |  7.0
Fighting       | 3 4 5 |  5.9
Shields        | 4 5 |  5.0
Armour         | |  3.2

Action                   |  1- 3 |  4- 6 |  7- 9 | 10-12 || total
-------------------------+-------+-------+-------+-------++-------
Melee: War axe           |    31 |   121 |   172 |   218 ||   542
Invok: Lesser Servant of |       |       |       |     1 ||     1
 Abil: Heal Wounds       |     2 |     7 |    11 |    41 ||    61
Evoke: Wand              |       |       |     6 |    11 ||    17
       Tin of tremorston |       |       |       |     4 ||     4
  Use: Scroll            |       |       |    14 |     2 ||    16
       Potion            |       |       |       |     3 ||     3
Armor: Scale mail        |    29 |    32 |       |       ||    61
       Plate armour      |       |    35 |   112 |    83 ||   230
Dodge: Dodged            |    26 |    21 |    38 |    27 ||   112
Block: Kite shield       |    51 |    58 |   102 |   119 ||   330

Table legend: (Time is in decaauts)
 A = Elapsed time spent in this place.
 B = Non-inter-level travel time spent in this place.
 C = Inter-level travel time spent in this place.
 D = Time resting spent in this place.
 E = Time spent auto-exploring this place.
 F = Levels seen in this place.
 G = Mean time per level.
                   A        B        C        D        E       F      G
               +--------+--------+--------+--------+--------+-----+--------+
         Total |   2084 |   1948 |    136 |      0 |      0 |  12 |  173.7 |
       Dungeon |   1759 |   1647 |    112 |      0 |      0 |   9 |  195.4 |
        Temple |     57 |     33 |     24 |      0 |      0 |   1 |   57.0 |
  Orcish Mines |    268 |    268 |      0 |      0 |      0 |   2 |  134.0 |
               +--------+--------+--------+--------+--------+-----+--------+

Top non-repeatable levels by time:
     D:9: 552 daAuts
     D:4: 343 daAuts
     D:6: 204 daAuts
     D:5: 203 daAuts
     D:7: 161 daAuts
     D:8: 156 daAuts
   Orc:1: 136 daAuts
   Orc:2: 131 daAuts
     D:3: 101 daAuts
  Temple: 57 daAuts
     D:2: 19 daAuts
     D:1: 17 daAuts
